 Dungeon Crawl Stone Soup version 0.26-a0-652-gafc20e3620 (webtiles) character file.

Game seed: 1848745651517344502

769 timneilson the Shield-Bearer (level 7, -5/63 HPs)
             Began as a Deep Dwarf Fighter on Oct 4, 2020.
             Killed by nerve-wracking pain
             ... invoked by Menkaure
              (13 damage)
             ... on level 5 of the Dungeon.
             The game lasted 00:07:44 (2946 turns).

timneilson the Shield-Bearer (Deep Dwarf Fighter)   Turns: 2946, Time: 00:07:45

Health: -5/63      AC: 10    Str: 21    XL:     7   Next: 52%
Magic:  7/7        EV:  5    Int:  9    God:
Gold:   189        SH: 10    Dex: 12    Spells: 6/6 levels left

rFire    . . .     SeeInvis .   a - +0 long sword
rCold    . . .     Faith    .   c - +0 kite shield
rNeg     . . .     Spirit   .   b - +0 scale mail
rPois    .         Reflect  .   (no helmet)
rElec    .         Harm     .   p - +0 cloak
rCorr    .         Rampage  .   (no gloves)
MR       +....                  l - +0 pair of boots
Stlth    ..........             (no amulet)
HPRegen  0.00/turn              (no ring)
MPRegen  0.10/turn              (no ring)

@: mighty, non-regenerating, constricted
A: damage resistance, heal wounds, sense surroundings 1, no regeneration
a: Heal Wounds


You were on level 5 of the Dungeon.
You visited 1 branch of the dungeon, and saw 5 of its levels.

You collected 189 gold pieces.

Inventory:

Hand Weapons
 a - a +0 long sword (weapon)
Armour
 b - a +0 scale mail (worn)
 c - a +0 kite shield (worn)
 g - a +0 plate armour
 l - a +0 pair of boots (worn)
 p - a +0 cloak (worn)
 q - a +0 chain mail
Wands
 u - a wand of polymorph (2)
Scrolls
 m - 3 scrolls of blinking
 r - 2 scrolls of teleportation
 s - a scroll of remove curse
 v - a scroll of fog
Potions
 e - a potion of magic {unknown}
 f - 6 potions of curing
 h - 2 potions of lignification
 j - a potion of resistance {unknown}
 k - a potion of haste {unknown}
 n - a potion of invisibility {unknown}
 o - a potion of cancellation {unknown}
 w - a potion of mutation {unknown}


   Skills:
 + Level 3.9 Fighting
 * Level 4.8 Long Blades
 * Level 5.7 Armour
 * Level 6.0 Shields


You had 6 spell levels left.
You didn't know any spells.
Your spell library contained the following spells:

 Spells                   Type           Power        Failure   Level
 Beastly Appendage        Tmut           #.....       97%         1
 Wereblood                Tmut           #.......     99%         2
 Spider Form              Tmut/Pois      #.........   100%        3
 Ice Form                 Ice/Tmut       #.......     100%        4
 Blade Hands              Tmut           #.........   100%        5


Dungeon Overview and Level Annotations

Branches:
Dungeon (5/15)
 Temple: D:4-7

Altars:
Cheibriados
Nemelex Xobeh
Sif Muna
Uskayaw

Shops:
D:4 !

Annotations:
D:3 2 transporters, benadryl's ghost, amateur GrAK
D:5 Menkaure


Innate Abilities, Weirdness & Mutations

You are resistant to damage.
You can heal yourself by infusing magical energy.
You passively map a small area around you.
You do not regenerate.


Message History

You block the frilled lizard's attack. Menkaure hits you.
* * * LOW HITPOINT WARNING * * *
You feel very mighty all of a sudden. Menkaure hits you.
* * * LOW HITPOINT WARNING * * *
You block the frilled lizard's attack. Menkaure closely misses you.
You barely miss Menkaure.
Menkaure is heavily damaged.
The frilled lizard bites you. You block the ball python's attack.
The ball python grabs you. The ball python constricts you.
Menkaure calls on the powers of darkness!
Your body is wracked with pain!
* * * LOW HITPOINT WARNING * * *
You block the frilled lizard's attack.
You barely miss Menkaure.
Menkaure is heavily damaged.
You block the ball python's attack. The ball python constricts you.
Menkaure gestures at you while chanting.
Pain shoots through your body!
You die...

# #.# ,,# #... , , , #
#.# #.# #...
#####.###..# #..# * .
,,, , ...##.#....#
#..# .. ##.†.......#
#..#####... ,
####.#....#≈
.......... , ,
#.#.#### ##......... *
, #...# #..Sl......
##..# *#..@M......,, #
#####.#######.###.....
.##.....##......# *
.... ,
.#..............##* *
.. ......†..........#
,, .................#
** .................#
....[............# ,,
............(.......


You could see Menkaure (fast), a ball python and a frilled lizard.

Vanquished Creatures
  Prince Ribbit (D:5)
  A phantom (D:4)
  3 hounds
  4 orc wizards
  Terence (D:3)
  A worker ant (D:4)
  6 gnolls
  4 adders
  4 dart slugs
  9 leopard geckos
  18 orcs
  2 ball pythons
  4 giant cockroaches
  9 goblins
  6 hobgoblins
  6 kobolds
  2 quokkas
  10 bats
  5 frilled lizards
  A quokka skeleton (D:4)
  10 rats
107 creatures vanquished.

Vanquished Creatures (others)
  A plant (D:1)
1 creature vanquished.

Grand Total: 108 creatures vanquished

Notes
Turn   | Place    | Note
-------+----------+-------------------------------------------
     0 | D:1      | timneilson the Deep Dwarf Fighter began the quest for the
                  | Orb.
     0 | D:1      | Reached XP level 1. HP: 20/20 MP: 1/1
    49 | D:1      | Reached XP level 2. HP: 10/27 MP: 2/2
   293 | D:1      | Reached XP level 3. HP: 31/33 MP: 3/3
   804 | D:2      | Reached skill level 4 in Shields
   904 | D:2      | Reached XP level 4. HP: 30/42 MP: 4/4
  1325 | D:3      | Found a snail-covered altar of Cheibriados.
  1433 | D:3      | Reached XP level 5. HP: 47/49 MP: 5/5
  1495 | D:3      | Found a transporter.
  1504 | D:3      | Noticed benadryl's ghost (amateur GrAK)
  1504 | D:3      | Identified the cursed +3 dire flail "Lennoamn" {venom,
                  | Int+4 Stlth+}
  1504 | D:3      | Noticed an ogre
  1505 | D:3      | Found a transporter.
  1507 | D:3      | Noticed an ogre
  1690 | D:3      | Found a sparkling altar of Nemelex Xobeh.
  1706 | D:3      | Noticed Terence
  1725 | D:3      | Killed Terence
  1870 | D:3      | Reached skill level 5 in Shields
  1870 | D:3      | Reached XP level 6. HP: 44/56 MP: 6/6
  2219 | D:4      | Reached skill level 5 in Armour
  2322 | D:4      | Reached XP level 7. HP: 38/63 MP: 7/7
  2398 | D:4      | Found Athrigu's Distillery.
  2783 | D:4      | Found a shimmering blue altar of Sif Muna.
  2785 | D:4      | Found a hide-covered altar of Uskayaw.
  2818 | D:5      | Entered Level 5 of the Dungeon
  2858 | D:5      | Noticed Prince Ribbit
  2892 | D:5      | Killed Prince Ribbit
  2892 | D:5      | Reached skill level 6 in Shields
  2936 | D:5      | Noticed Menkaure
  2946 | D:5      | Killed from afar by Menkaure

Illustrated notes

Levels and vault maps discovered:
D:1:      lightli_arrival_farm, layout_rooms, chequers_big_river
D:2:      layout_loops_ring
D:3:      layout_loops_cross, overflow_temple_1_default, kennysheep_slug_shrine,
          gammafunk_ghost_smash, cheibrodos_gnoll_hut, uniq_terence
D:4:      layout_basic, nicolae_overflow_hidden_temple, serial_shops,
          nicolae_shop_window_shopping
D:5:      layout_rooms, grunt_temple_overflow_open, portal_sewer_entry_d,
          uniq_prince_ribbit1, uniq_menkaure, uniq_crazy_yiuf_cottage,
          uniq_eustachio

Skill      XL: |  1  2  3  4  5  6  7 |
---------------+----------------------+-----
Fighting       | 3 |  3.9
Shields        | 4 5 6 |  6.0
Armour         | 4 5 |  5.7
Long Blades    | 3 4 |  4.8

Action                   |  1- 3 |  4- 6 |  7- 9 || total
-------------------------+-------+-------+-------++-------
Melee: Long sword        |   117 |   255 |    56 ||   428
 Abil: Heal Wounds       |     1 |     4 |     3 ||     8
  Use: Scroll            |     3 |     2 |     3 ||     8
       Potion            |       |       |     1 ||     1
Armor: Scale mail        |    50 |   119 |    19 ||   188
Dodge: Dodged            |    43 |    86 |    21 ||   150
Block: Kite shield       |    60 |   143 |    30 ||   233
       Rpst.: Long sword |    22 |    27 |     5 ||    54

Table legend: (Time is in decaauts)
 A = Elapsed time spent in this place.
 B = Non-inter-level travel time spent in this place.
 C = Inter-level travel time spent in this place.
 D = Time resting spent in this place.
 E = Time spent auto-exploring this place.
 F = Levels seen in this place.
 G = Mean time per level.
                   A        B        C        D        E       F      G
               +--------+--------+--------+--------+--------+-----+--------+
         Total |   3109 |   3043 |     66 |      0 |   1993 |   5 |  621.8 |
       Dungeon |   3109 |   3043 |     66 |      0 |   1993 |   5 |  621.8 |
               +--------+--------+--------+--------+--------+-----+--------+

Top non-repeatable levels by time:
     D:3: 892 daAuts
     D:1: 763 daAuts
     D:4: 701 daAuts
     D:2: 612 daAuts
     D:5: 139 daAuts
